 Dungeon Crawl Stone Soup version 0.30-a0-222-ge547ba4400 (webtiles) character file.

Game seed: 11881098776767454588

29360 marna the Basher (level 13, -2/88 HPs)
             Began as a Gargoyle Berserker on Oct 8, 2022.
             Was a High Priest of Trog.
             Slain by a polar bear simulacrum (17 damage)
             ... in an ice cave.
             The game lasted 00:36:04 (14493 turns).

marna the Basher (Gargoyle Berserker)              Turns: 14493, Time: 00:36:04

Health: -2/88      AC: 31    Str: 26    XL:     13   Next: 44%
Magic:  13/13      EV:  5    Int: 12    God:    Trog [*****.]
Gold:   1323       SH:  0    Dex:  9    Spells: 12/12 levels left

rFire   + . .      SeeInvis +    m - +2 morningstar (flame)
rCold   . . .      Faith    .    (no shield)
rNeg    + . .      Spirit   .    q - +0 plate armour
rPois   ∞          Reflect  .    G - +1 hat
rElec   +          Harm     .    e - +1 cloak
rCorr   +          Rampage  .    a - +0 pair of gloves
Will    .....                    i - +2 pair of boots "Pisy" {rElec Int+4 SInv}
Stlth   ..........               g - amulet of the acrobat
HPRegen 0.34/turn                t - ring of protection from fire
MPRegen 0.13/turn                A - ring of resist corrosion

@: constricted
A: sickness immunity, AC +9, negative energy resistance 1, electricity
resistance, torment resistance 1, petrification resistance
a: Renounce Religion, Berserk, Trog's Hand, Brothers in Arms


You were in an ice cave.
You worshipped Trog.
Trog was extremely pleased with you.
You visited 2 branches of the dungeon, and saw 15 of its levels.
You also visited: Bailey and Ice Cave.

You collected 1323 gold pieces.

Inventory:

Hand Weapons
 j - a +0 hammer
 m - a +2 morningstar of flaming (weapon)
Missiles
 c - 4 throwing nets (quivered)
Armour
 a - a +0 pair of gloves (worn)
 e - a +1 cloak (worn)
 i - the +2 pair of boots "Pisy" (worn) {rElec Int+4 SInv}
   (You acquired it on level 10 of the Dungeon)

   Int:       It affects your intelligence (+4).
   rElec:     It insulates you from electricity.
   SInv:      It lets you see invisible.
 q - a +0 plate armour (worn)
 u - a +0 kite shield
 B - a +2 buckler of reflection
 G - a +1 hat (worn)
 N - a +2 buckler of cold resistance
Jewellery
 g - an amulet of the acrobat (around neck)
 r - a ring of protection from cold
 t - a ring of protection from fire (left hand)
 A - a ring of resist corrosion (right hand)
Wands
 y - a wand of mindburst (3)
 z - a wand of flame (14)
 J - a wand of iceblast (4)
 M - a wand of digging (7)
Scrolls
 f - 2 scrolls of silence
 h - 5 scrolls of fear
 l - 5 scrolls of butterflies
 n - a scroll of enchant armour
 o - 6 scrolls of enchant weapon
 s - a scroll of blinking
 v - 5 scrolls of teleportation
 w - 2 scrolls of poison {unknown}
 x - 3 scrolls of immolation
 L - a scroll of magic mapping {unknown}
Potions
 b - 7 potions of curing
 d - 3 potions of berserk rage
 k - 2 potions of flight
 p - a potion of attraction
 C - 3 potions of ambrosia
 D - 2 potions of invisibility
 E - 3 potions of might
 F - a potion of mutation
 H - a potion of heal wounds
 K - 2 potions of magic
Miscellaneous
 I - a condenser vane


   Skills:
 + Level 13.0 Fighting
 + Level 14.5 Maces & Flails
 + Level 8.8 Armour
 - Level 1.5 Dodging
 + Level 8.5 Shields
 + Level 6.9 Evocations


You had 12 spell levels left.
You didn't know any spells.
Your spell library was empty.

Dungeon Overview and Level Annotations

Branches:
Dungeon (12/15)            Temple (0/1) D:5            Lair (3/5) D:8
  Snake (0/4) Lair:2       Bailey (visited)           IceCv (1/1)
  Swamp: Lair:2-3    Shoals: Lair:2-3       Orc: D:9-12

Altars:
Elyvilon
Fedhas
Hepliaklqana
Kikubaaqudgha
Makhleb
Ru
Trog
Uskayaw
Vehumet
Wu Jian
The Shining One

Shops:
D:4 *

Annotations:
D:9 2 runed translucent doors
D:12 Jorgrun


Innate Abilities, Weirdness & Mutations

You are immune to sickness and miasma.
Your stone body is resilient. (AC +9)
You are immune to poison.
You resist negative energy. (rN+)
You are resistant to electric shocks. (rElec)
You are resistant to unholy torment.
You are immune to petrification.


Message History

You block the polar bear simulacrum's attack.
You start removing your armour.
You continue taking off your +2 buckler of reflection.
The wolf simulacrum bites you but does no damage.
The naga simulacrum hits you but does no damage.
The naga simulacrum constricts you.
The wolf simulacrum completely misses you.
The polar bear simulacrum bites you. The polar bear simulacrum freezes you!
The polar bear simulacrum claws you but does no damage.
You block the polar bear simulacrum's attack.
You continue taking off your +2 buckler of reflection.
The wolf simulacrum bites you but does no damage.
The naga simulacrum hits you but does no damage.
The naga simulacrum constricts you.
You continue taking off your +2 buckler of reflection.
The wolf simulacrum completely misses you.
The polar bear simulacrum bites you but does no damage.
The polar bear simulacrum claws you but does no damage. x2
The wolf simulacrum bites you but does no damage.
You block the naga simulacrum's attack. The naga simulacrum constricts you.
You continue taking off your +2 buckler of reflection.
The wolf simulacrum bites you but does no damage.
The polar bear simulacrum bites you. The polar bear simulacrum freezes you!
The polar bear simulacrum claws you but does no damage. x2
The naga simulacrum hits you but does no damage.
The naga simulacrum constricts you.
You finish taking off your +2 buckler of reflection.
There are monsters nearby!
You hit the naga simulacrum.
You melt the naga simulacrum.
The naga simulacrum is moderately damaged.
The wolf simulacrum barely misses you. The troll simulacrum bites you.
The troll simulacrum freezes you!
The troll simulacrum claws you but does no damage.
The troll simulacrum claws you. The troll simulacrum freezes you!
* * * LOW HITPOINT WARNING * * *
The wolf simulacrum bites you but does no damage.
The polar bear simulacrum bites you!
* * * LOW HITPOINT WARNING * * *
The polar bear simulacrum freezes you!
You die...

##..## ... #....##
..... ##..#..##
#..... ##.###...#
......
#..####..###......
##..#.)##..#.....#
#..##...##......#
##..#....##.ZZ.###
#..##....###@Z.#
#..#....## #Z..#
#..##.#.## #...#
#...###..# #.....
##..##...# #..#...
#.......# ##.##..#
##...#..# .. .##
##..#..# .. #
####..##


You could see a wolf simulacrum, a polar bear simulacrum, a naga simulacrum and
a troll simulacrum.

Vanquished Creatures
  Gastronok (D:10)
  An ice dragon (Lair:3)
  Harold (D:11)
  A catoblepas (Lair:1)
  A boulder beetle (Lair:3)
  Erica (D:8)
  6 two-headed ogres
  4 death yaks (Lair:1)
  An orc knight (Bailey)
  An ugly thing (D:11)
  A black mamba (Lair:1)
  7 elephants (Lair:2)
  2 ice statues (IceCv)
  7 cane toads
  2 rime drakes (Lair:3)
  Maggie (D:7)
  6 komodo dragons
  2 ice devils (IceCv)
  3 polar bears
  2 trolls (D:11)
  2 hornets
  11 yaks
  A wraith (D:9)
  3 wyverns
  Eustachio (D:6)
  3 vampire mosquitoes (D:10)
  2 acid dragons
  4 nagas (Lair:2)
  A harpy simulacrum (IceCv)
  7 water moccasins
  4 orc warriors
  4 ice beasts
  6 black bears
  An ogre (D:7)
  A wolf (Lair:3)
  4 centaurs
  7 kobold brigands
  3 phantoms
  9 bullfrogs
  2 necrophages
  2 two-headed ogre simulacra (IceCv)
  4 scorpions
  A cane toad simulacrum (IceCv)
  A howler monkey (D:5)
  An electric eel (Lair:2)
  A jelly (D:4)
  3 gnoll boudas (D:5)
  4 hounds
  9 orc priests
  Crazy Yiuf (D:2)
  5 iguanas
  Terence (D:3)
  13 orc wizards
  4 spriggan simulacra (IceCv)
  A wolf simulacrum (IceCv)
  11 gnolls (D:5)
  A naga simulacrum (IceCv)
  7 adders
  A shadow imp (D:6)
  3 white imps
  A dart slug (D:3)
  38 orcs
  4 ball pythons
  7 bats
  8 endoplasms
  2 giant cockroaches
  7 hobgoblins
  7 jackals
  20 kobolds
  3 quokkas
  3 frilled lizards
  7 goblins
  6 rats
314 creatures vanquished.

Vanquished Creatures (others)
  An orc (D:7)
  7 fungi
  24 plants
32 creatures vanquished.

Grand Total: 346 creatures vanquished

Notes
Turn   | Place    | Note
-------+----------+-------------------------------------------
     0 | D:1      | marna the Gargoyle Berserker began the quest for the Orb.
     0 | D:1      | Reached XP level 1. HP: 14/14 MP: 1/1
    71 | D:1      | HP: 1/21 [quokka (4)]
    97 | D:1      | Reached XP level 2. HP: 9/19 MP: 2/2
   612 | D:1      | Reached XP level 3. HP: 20/24 MP: 3/3
  1156 | D:2      | Reached skill level 4 in Maces & Flails
  1333 | D:2      | Found a runed translucent door.
  1334 | D:2      | Noticed Crazy Yiuf
  1413 | D:2      | Killed Crazy Yiuf
  1414 | D:2      | Reached XP level 4. HP: 29/29 MP: 4/4
  1837 | D:3      | Reached ** piety under Trog
  1963 | D:3      | Reached skill level 5 in Maces & Flails
  1963 | D:3      | Reached XP level 5. HP: 34/34 MP: 5/5
  2098 | D:3      | Noticed Terence
  2104 | D:3      | Killed Terence
  2480 | D:4      | Reached skill level 5 in Fighting
  2480 | D:4      | Reached XP level 6. HP: 40/40 MP: 6/6
  2482 | D:4      | Reached skill level 6 in Maces & Flails
  2568 | D:4      | Found Doed's General Store.
  2816 | D:4      | Reached XP level 7. HP: 42/44 MP: 7/7
  2841 | D:4      | Reached skill level 7 in Maces & Flails
  3042 | D:5      | Entered Level 5 of the Dungeon
  3049 | D:5      | Found a staircase to the Ecumenical Temple.
  3220 | D:5      | Found a blossoming altar of Fedhas.
  3295 | D:5      | Found an ornate altar of the Wu Jian Council.
  3483 | D:5      | Reached XP level 8. HP: 47/52 MP: 8/8
  3549 | D:5      | Reached *** piety under Trog
  3613 | D:5      | Reached skill level 8 in Maces & Flails
  3732 | D:5      | You fall into a shaft and drop 3 floors!
  3749 | D:8      | Noticed a two-headed ogre
  3756 | D:8      | Killed a two-headed ogre
  3757 | D:8      | Reached skill level 9 in Maces & Flails
  3757 | D:8      | Reached XP level 9. HP: 59/59 MP: 9/9
  3853 | D:8      | Found a staircase to the Lair.
  3854 | D:8      | Noticed a komodo dragon
  3863 | D:8      | Killed a komodo dragon
  3864 | D:8      | Reached skill level 10 in Maces & Flails
  4071 | D:8      | Found a glowing golden altar of the Shining One.
  4350 | D:8      | Noticed Erica
  4356 | D:8      | Killed Erica
  4357 | D:8      | Reached skill level 11 in Maces & Flails
  4979 | D:8      | Found an ancient bone altar of Kikubaaqudgha.
  5509 | D:7      | Reached XP level 10. HP: 66/66 MP: 10/10
  5512 | D:7      | Noticed Maggie
  5538 | D:7      | Killed Maggie
  5539 | D:7      | Reached skill level 12 in Maces & Flails
  6094 | D:7      | Found a hazy altar of Hepliaklqana.
  6166 | D:6      | Found a radiant altar of Vehumet.
  6180 | D:6      | Found a hide-covered altar of Uskayaw.
  6296 | D:6      | Found a bloodstained altar of Trog.
  6477 | D:6      | Noticed Eustachio
  6500 | D:6      | Killed Eustachio
  6501 | D:6      | Reached skill level 10 in Fighting
  6597 | D:6      | Found a burning altar of Makhleb.
  6792 | D:5      | Reached skill level 1 in Shields
  7756 | D:9      | Reached skill level 1 in Evocations
  7963 | D:9      | Found the +2 shield of Resistance {rF++ rC++ Will++}
  7964 | D:9      | Found a runed translucent door.
  7964 | D:9      | Noticed an ice dragon
  7964 | D:9      | Noticed an ice dragon
  7964 | D:9      | Noticed a fire dragon
  7965 | D:9      | Noticed a fire dragon
  7979 | D:9      | Found a runed translucent door.
  8207 | D:9      | Noticed a two-headed ogre
  8210 | D:9      | Reached **** piety under Trog
  8215 | D:9      | Killed a two-headed ogre
  8520 | D:10     | Entered Level 10 of the Dungeon
  8522 | D:10     | Identified a scroll of acquirement
  8522 | D:10     | Acquired the +2 pair of boots "Pisy" {rElec Int+4 SInv}
  8596 | D:10     | Reached XP level 11. HP: 53/73 MP: 11/11
  8596 | D:10     | Noticed a two-headed ogre
  8627 | D:10     | Killed a two-headed ogre
  8646 | D:10     | Found a sacrificial altar of Ru.
  8694 | D:10     | Found a flagged portal.
  8711 | Bailey   | Entered a bailey
  8789 | Bailey   | Identified the +1 ring mail of Submission {rN++ Str+8
                  | Stlth-}
  8836 | Bailey   | Noticed an orc knight
  8848 | Bailey   | Killed an orc knight
  8849 | Bailey   | Reached skill level 13 in Maces & Flails
  8850 | Bailey   | HP: 5/109 [orc warrior/+0 broad axe (16)]
  9132 | D:10     | Noticed a two-headed ogre
  9292 | D:10     | Killed a two-headed ogre
  9293 | D:10     | Reached skill level 5 in Armour
  9383 | D:10     | Noticed Gastronok
  9831 | D:10     | Found a white marble altar of Elyvilon.
 10025 | D:10     | Killed Gastronok
 10169 | D:11     | Noticed Harold
 10173 | D:11     | Killed Harold
 10174 | D:11     | Reached skill level 5 in Shields
 10233 | D:11     | Noticed a two-headed ogre
 10240 | D:11     | Killed a two-headed ogre
 10245 | D:11     | Noticed a cyan ugly thing
 10269 | D:11     | Killed a cyan ugly thing
 10505 | D:11     | Noticed a two-headed ogre
 10513 | D:11     | Killed a two-headed ogre
 10514 | D:11     | Reached XP level 12. HP: 80/80 MP: 12/12
 10926 | D:12     | Noticed Jorgrun
 11037 | Lair:1   | Entered Level 1 of the Lair of Beasts
 11208 | Lair:1   | Reached skill level 5 in Evocations
 11519 | Lair:1   | Noticed a death yak
 11519 | Lair:1   | Noticed a death yak
 11520 | Lair:1   | Noticed a death yak
 11520 | Lair:1   | Noticed a death yak
 11573 | Lair:1   | Killed a death yak
 11583 | Lair:1   | Killed a death yak
 11587 | Lair:1   | Killed a death yak
 11656 | Lair:1   | Killed a death yak
 11801 | Lair:1   | Noticed a catoblepas
 11814 | Lair:1   | Killed a catoblepas
 11891 | Lair:1   | Reached skill level 14 in Maces & Flails
 12768 | Lair:2   | Reached XP level 13. HP: 58/87 MP: 13/13
 12790 | Lair:2   | Reached ***** piety under Trog
 12918 | Lair:2   | Found a staircase to the Snake Pit.
 13803 | Lair:3   | Found a frozen archway.
 13805 | Lair:3   | Noticed an ice dragon
 13842 | Lair:3   | Killed an ice dragon
 13877 | IceCv    | Entered an ice cave
 14493 | IceCv    | Slain by a polar bear simulacrum

Illustrated notes

Levels and vault maps discovered:
D:1:      lightli_arrival_farm, layout_basic
D:2:      layout_rooms, uniq_crazy_yiuf_cottage
D:3:      layout_loops_cross, chequers_serial_rivers_large_a, uniq_terence
D:4:      layout_basic, serial_shops, nicolae_take_the_stairs,
          due_unseen_surprise
D:5:      layout_loops_corners, mainiacjoe_overflow_cross_hatched,
          mainiacjoe_overflow_boulevard, minmay_temple_entry_purple_smoke
D:6:      layout_cave_pools, bloody_trog, vehumet_crystals,
          mainiacjoe_overflow_brackets, lightli_temple_of_fire,
          hangedman_abyss_or_decor_stabs, uniq_eustachio
D:7:      layout_rooms, kennysheep_mini_moat, uniq_maggie
D:8:      layout_layer_cave, nicolae_overflow_crystal_walls,
          nicolae_kikubaaqudgha_miasma_corner, david_lair_shrubbed, uniq_erica
D:9:      layout_roguey, serial_co_window_serial, co_window_corner_a,
          co_window_cross_1, co_window_paths_a, co_window_paths_a,
          co_window_paths_a, co_window_paths_a, co_window_cross_1,
          co_window_corner_cb, co_window_of_opportunity_c,
          co_window_of_opportunity_b, co_window_of_opportunity_b,
          glass_columns_b, glass_columns_a, glass_columns_b,
          minmay_variable_closet, minmay_guarded_unrand_resistance
D:10:     layout_basic, amcnicky_altar_gilded, lemuel_coloured_pillars_altar,
          serial_rivers, chequers_serial_rivers_small_3,
          chequers_serial_rivers_micro_e, chequers_serial_rivers_marsh,
          chequers_serial_rivers_small_3, chequers_serial_rivers_micro_c,
          enter_bailey_3, uniq_gastronok
D:11:     layout_basic, uniq_harold
D:12:     layout_cave_pods, minmay_orc_entry_guard_dogs, nicolae_hexahallways,
          hangedman_decor_push, minmay_shattered_shrine, uniq_jorgrun
Lair:1:   layout_concentric_octagons, st_stairs_13, beast_lair_carwin_3,
          grunt_megastairs_4
Lair:2:   layout_gridlike, minmay_snake_entry_guardpost_small,
          grunt_megastairs_2
Lair:3:   layout_hall_layers, shoals_dummy_entry,
          portal_ice_cave_entry_animals_and_master, beast_lair_carwin_10
IceCv:    ice_cave_small_demon

Skill      XL: |  1  2  3  4  5  6  7  8  9 10 11 12 13 |
---------------+----------------------------------------+-----
Maces & Flails | 4 5 6 7 9 11 12 13 14 | 14.5
Fighting       | 4 5 6 7 9 10 11 12 13 | 13.0
Shields        | 3 5 7 8 |  8.5
Armour         | 4 6 8 |  8.8
Evocations     | 2 4 6 |  6.9
Dodging        | |  1.5

Action                   |  1- 3 |  4- 6 |  7- 9 | 10-12 | 13-15 || total
-------------------------+-------+-------+-------+-------+-------++-------
Melee: Mace              |    88 |    49 |       |       |       ||   137
       Punch             |     2 |     2 |     4 |     1 |       ||     9
       Morningstar       |       |    91 |   134 |   624 |   183 ||  1032
Invok: Berserk           |     2 |     2 |     6 |    10 |     2 ||    22
       Trog's Hand       |       |       |       |     5 |     1 ||     6
  Use: Scroll            |       |       |       |    18 |       ||    18
       Potion            |       |       |       |     8 |       ||     8
Armor: Animal skin       |    25 |       |       |       |       ||    25
       Robe              |     6 |       |       |       |       ||     6
       Scale mail        |     4 |     1 |       |       |       ||     5
       Chain mail        |       |    54 |       |       |       ||    54
       Plate armour      |       |    48 |    84 |   506 |   138 ||   776
       Skin              |       |       |       |    19 |       ||    19
Dodge: Dodged            |    74 |   119 |    60 |   281 |    84 ||   618
Block: Kite shield       |       |       |       |    31 |       ||    31
       Buckler           |       |       |       |   166 |    52 ||   218
       Reflection        |       |       |       |     9 |     2 ||    11

Table legend: (Time is in decaauts)
 A = Elapsed time spent in this place.
 B = Non-inter-level travel time spent in this place.
 C = Inter-level travel time spent in this place.
 D = Time resting spent in this place.
 E = Time spent auto-exploring this place.
 F = Levels seen in this place.
 G = Mean time per level.
                   A        B        C        D        E       F      G
               +--------+--------+--------+--------+--------+-----+--------+
         Total |  14705 |  13989 |    716 |   3075 |   8283 |  17 |  865.0 |
       Dungeon |  11166 |  10544 |    622 |   1833 |   6777 |  12 |  930.5 |
          Lair |   2792 |   2699 |     93 |    823 |   1330 |   3 |  930.7 |
        Bailey |    141 |    141 |      0 |     57 |     22 |   1 |  141.0 |
      Ice Cave |    605 |    605 |      0 |    362 |    154 |   1 |  605.0 |
               +--------+--------+--------+--------+--------+-----+--------+

Top non-repeatable levels by time:
     D:8: 1771 daAuts
  Lair:1: 1628 daAuts
    D:11: 1305 daAuts
     D:5: 1295 daAuts
     D:9: 1151 daAuts
     D:1: 1084 daAuts
    D:10: 1068 daAuts
  Lair:2: 1061 daAuts
     D:3: 914 daAuts
     D:7: 779 daAuts
     D:4: 706 daAuts
     D:6: 624 daAuts
   IceCv: 605 daAuts
     D:2: 460 daAuts
  Bailey: 141 daAuts
